Map: 赛博森林-天梯版

Players

MaSa

  • Race: Terran Terran
  • League: Platinum

ShoWTimE - Winner!

  • Race: Protoss Protoss

Event: WESG 2018 Grand Finals

VOD

Have the link to the VOD?

Description

Time

  • Played on: March 11, 2019, 6:16 a.m.
  • Length: 13:08

All games in this series

Show
View Real Time Build Order
Export as new Build Order

MaSa Terran 

Build Orders: Reaper Expand 

Get SALT Encoding   

  12  0:00  SCV  
  13  0:12  SCV  
  14  0:18  Supply Depot  
  14  0:25  SCV  
  15  0:40  SCV  
  15  0:41  Barracks  
  16  0:46  Refinery  
  16  0:52  SCV  
  17  1:01  Engineering Bay  
  17  1:05  SCV  
  18  1:17  SCV  
  19  1:30  Orbital Command  
  19  1:34  Reaper  
  20  1:57  Command Center  
  20  1:59  SCV  
  21  2:07  Barracks Reactor  
  21  2:09  Supply Depot  
  21  2:12  SCV  
  22  2:25  SCV  
  23  2:37  SCV, Command Center  
  24  2:47  Marine x2  
  24  2:49  SCV  
  26  2:53  Barracks  
  26  3:03  SCV  
  26  3:05  Marine x2  
  29  3:15  SCV  
  28  3:23  Marine x2  
  28  3:27  SCV  
  28  3:30  Barracks  
  29  3:39  SCV  
  29  3:41  Marine x2  
  31  3:49  Barracks Tech Lab  
  31  3:50  Orbital Command  
  31  3:52  SCV  
  31  3:59  Marine  
  31  4:01  Engineering Bay, Orbital Command  
  32  4:04  SCV  
  32  4:06  Marine  
  32  4:08  Marine  
  35  4:15  Stimpack  
  35  4:17  SCV  
  36  4:18  SCV  
  36  4:19  Marine  
  36  4:23  Marine  
  39  4:24  Marine  
  39  4:26  Marine  
  39  4:28  SCV  
  39  4:29  SCV  
  43  4:32  Terran Infantry Weapons Level 1  
  43  4:36  Factory  
  43  4:39  SCV  
  43  4:40  Marine  
  43  4:42  Barracks Reactor, SCV  
  43  4:44  SCV  
  47  4:48  Refinery  
  47  4:51  Refinery, SCV  
  48  4:54  Marine, SCV  
  48  4:56  Marauder  
  52  5:03  SCV  
  52  5:04  Marine, Missile Turret  
  53  5:10  SCV  
  53  5:12  Marine, SCV  
  56  5:15  Refinery  
  56  5:17  Marauder  
  56  5:21  Supply Depot  
  58  5:22  Starport, Marine, Factory Reactor  
  58  5:27  SCV x2  
  61  5:31  SCV  
  61  5:42  Marine x3, SCV x2  
  66  5:43  Supply Depot  
  66  5:45  SCV  
  67  5:50  Marauder, Supply Depot  
  67  5:53  Marine  
  69  5:58  Barracks  
  69  6:05  SCV x2  
  69  6:08  Barracks, SCV  
  69  6:10  Factory Tech Lab, Factory  
  72  6:11  Marine x2  
  72  6:17  Medivac x2  
  78  6:18  SCV  
  78  6:23  Marine x2  
  78  6:25  Combat Shield  
  81  6:26  Terran Infantry Armor Level 1, SCV  
  81  6:31  Marauder, Marine x2  
  84  6:37  Supply Depot  
  84  6:42  Supply Depot, SCV  
  85  6:52  Barracks Tech Lab  
  85  6:58  Factory Tech Lab, Marauder, Marine x2, SCV, Siege Tank  
  93  7:04  Medivac, Marine x2  
  93  7:05  SCV  
  98  7:10  Barracks Tech Lab  
  98  7:13  Concussive Shells  
  98  7:19  Supply Depot  
  98  7:20  Marauder, Supply Depot  
  99  7:24  Marine  
  99  7:32  Siege Tank  
  99  7:33  Marine  
  101  7:40  Marauder, Marine x2, Siege Tank  
  101  7:41  Marauder  
  101  7:42  SCV  
  110  7:44  SCV  
  110  7:45  SCV  
  109  8:05  Supply Depot  
  109  8:07  Supply Depot  
  109  8:08  Marine  
  109  8:09  SCV x2  
  109  8:10  Marauder  
  108  8:14  Marine  
  108  8:17  Marine  
  108  8:18  Marine, SCV  
  109  8:27  Marauder, SCV x2, Siege Tank  
  109  8:28  Marine, Siege Tank  
  109  8:29  Marauder  
  109  8:30  Marine, SCV  
  109  8:32  Marine  
  121  8:37  Marine  
  121  8:39  SCV  
  121  8:40  Marine  
  110  8:46  Medivac  
  106  8:49  Marauder x2  
  106  8:50  SCV  
  106  8:53  Marine  
  106  8:54  Marauder, SCV  
  115  9:01  Marine x2  
  116  9:03  Siege Tank  
  116  9:04  Orbital Command  
  119  9:10  Medivac, Marauder  
  119  9:17  Armory  
  123  9:19  SCV x2  
  123  9:21  Supply Depot  
  125  9:24  Engineering Bay  
  125  9:35  Supply Depot  
  125  9:38  Refinery  
  125  9:43  Siege Tank, SCV x3  
  125  9:44  Missile Turret  
  131  9:45  Supply Depot  
  131  9:47  Marine x2  
  133  9:57  Siege Tank, SCV x3  
  139  10:04  Sensor Tower  
  139  10:05  Marauder  
  141  10:07  Marine  
  141  10:12  Marauder  
  144  10:14  SCV  
  144  10:17  Terran Vehicle Weapons Level 1  
  145  10:24  Terran Infantry Weapons Level 2  
  145  10:25  Missile Turret  
  145  10:29  Marauder, Marine  
  145  10:32  Marine  
  149  10:38  Terran Infantry Armor Level 2  
  149  10:41  Supply Depot  
  149  10:57  Command Center  
  149  11:03  Marauder x2, Marine x2, SCV x2  
  157  11:06  Supply Depot  
  157  11:19  SCV  
  157  11:25  Marine  
  157  11:28  Marauder x3, Marine x2, Liberator  
  165  11:41  Marine  
  165  11:43  Marine, Siege Tank  
  165  11:45  Marine  
  165  11:46  Marine  
  165  11:49  SCV  
  165  11:51  Marine x2  
  165  11:52  Marauder  
  163  11:54  Siege Tank  
  163  11:59  Marine  
  163  12:01  Marine  
  139  12:03  Marine  
  139  12:04  Marine  
  133  12:09  Marauder x2  
  133  12:10  Medivac  
  133  12:13  Marine  
  133  12:15  Siege Tank  
  143  12:17  Marine  
  143  12:19  Marine  
  143  12:21  Marine  
  146  12:23  Marine  
  146  12:27  Siege Tank  
  146  12:28  Medivac  
  152  12:30  Marauder x2  
  151  12:37  Marauder, Marine  
  151  12:42  Marine x2  
  151  12:43  Marine  
Show
View Real Time Build Order
Export as new Build Order

ShoWTimE Protoss - Winner!

Build Orders: Phoenix Opening, Colossus Rush 

Get SALT Encoding   

  12  0:00  Probe  
  13  0:12  Probe  
  14  0:17  Pylon  
  14  0:24  Probe  
  15  0:32  Probe  
  15  0:38  Gateway  
  15  0:40  Probe  
  16  0:46  Assimilator  
  17  0:51  Probe  
  18  1:03  Probe  
  19  1:15  Probe  
  20  1:25  Cybernetics Core  
  20  1:30  Probe  
  20  1:32  Zealot, Pylon  
  23  1:50  Probe, Assimilator  
  23  1:51  Adept  
  24  2:02  Warp Gate  
  24  2:03  Probe  
  27  2:15  Probe  
  28  2:22  Stalker  
  30  2:27  Probe  
  30  2:33  Nexus  
  30  2:41  Pylon  
  30  2:44  Probe  
  30  2:51  Robotics Facility  
  31  2:59  Probe  
  31  3:00  Sentry  
  34  3:11  Probe  
  35  3:21  Probe  
  35  3:25  Gateway  
  35  3:26  Gateway  
  36  3:29  Probe  
  37  3:38  Probe  
  37  3:41  Warp Prism, Phoenix  
  37  3:45  Probe  
  39  3:50  Probe  
  39  3:54  Probe  
  42  4:01  Sentry  
  42  4:02  Probe x2  
  46  4:07  Pylon  
  47  4:12  Probe  
  47  4:14  Probe, Assimilator  
  49  4:18  Observer  
  49  4:19  Adept  
  53  4:24  Probe  
  53  4:26  Probe  
  53  4:29  Assimilator  
  54  4:36  Pylon  
  54  4:37  Probe  
  54  4:38  Robotics Bay  
  55  4:39  Observer  
  55  4:43  Sentry  
  58  4:46  Probe  
  58  4:47  Pylon  
  58  4:49  Probe  
  58  4:52  Immortal  
  60  4:54  Shield Battery  
  60  4:58  Probe  
  61  5:01  Probe  
  66  5:10  Probe  
  66  5:13  Probe  
  68  5:15  Forge  
  68  5:21  Colossus  
  68  5:27  Probe  
  68  5:28  Probe  
  76  5:36  Protoss Ground Weapons Level 1  
  76  5:39  Pylon  
  75  5:46  Probe  
  75  5:49  Probe  
  77  5:51  Nexus  
  77  5:52  Pylon  
  77  5:58  Extended Thermal Lance  
  77  6:02  Probe  
  77  6:03  Probe  
  79  6:06  Pylon  
  79  6:12  Colossus, Pylon  
  79  6:14  Zealot x3, Observer  
  91  6:25  Probe  
  91  6:30  Probe  
  93  6:35  Twilight Council  
  93  6:38  Probe  
  94  6:42  Sentry  
  94  6:44  Stalker, Zealot  
  94  6:46  Probe  
  101  6:50  Probe  
  101  6:53  Observer  
  102  6:54  Charge  
  102  6:57  Colossus  
  102  6:58  Probe  
  102  7:01  Gateway  
  103  7:02  Probe  
  103  7:06  Probe  
  111  7:09  Adept  
  111  7:10  Probe  
  111  7:14  Probe  
  115  7:18  Probe  
  115  7:21  Pylon  
  115  7:22  Probe  
  117  7:23  Stalker  
  117  7:25  Stalker  
  121  7:33  Stalker  
  121  7:36  Probe  
  120  7:38  Gateway  
  120  7:39  Protoss Ground Armor Level 1  
  120  7:41  Gateway  
  120  7:46  Observer  
  120  7:48  Zealot x2  
  124  7:51  Probe  
  124  7:53  Gateway  
  124  7:55  Pylon  
  123  8:00  Colossus  
  123  8:01  Pylon  
  123  8:04  Probe x2, Assimilator  
  131  8:06  Assimilator  
  128  8:13  Zealot x3  
  128  8:14  Zealot  
  128  8:17  Pylon  
  108  8:47  Stalker x4  
  108  8:48  Stalker x3  
  118  8:49  Blink  
  118  8:53  Probe  
  117  8:56  Probe, Immortal  
  117  9:06  Observer  
  117  9:09  Probe, Forge  
  123  9:10  Probe  
  123  9:18  Zealot x6  
  123  9:22  Pylon, Templar Archives  
  135  9:24  Zealot  
  135  9:25  Protoss Ground Weapons Level 2  
  135  9:30  Shield Battery, Pylon  
  137  9:31  Protoss Ground Armor Level 2  
  137  9:32  Shield Battery  
  137  9:44  Zealot x2  
  141  9:47  Zealot  
  141  9:50  Zealot  
  145  9:56  Stalker x2  
  149  10:01  Pylon  
  149  10:03  Gravitic Drive  
  149  10:07  Nexus, Observer  
  148  10:17  High Templar x3  
  148  10:18  High Templar  
  148  10:19  High Templar  
  148  10:20  Stalker, High Templar  
  163  10:26  Archon x2  
  163  10:27  Pylon  
  163  10:28  Archon  
  163  10:33  Pylon  
  163  10:34  Pylon, Observer  
  163  10:35  Pylon  
  164  10:36  Pylon, Probe  
  165  10:45  Probe x2  
  167  10:51  Gateway  
  167  10:55  Colossus  
  173  11:04  High Templar x2  
  173  11:05  Zealot x5  
  173  11:09  Archon  
  187  11:11  Psionic Storm  
  187  11:17  Pylon, Probe x2  
  189  11:19  Probe  
  190  11:27  Zealot  
  192  11:34  Pylon x2, Zealot x2  
  192  11:36  Cybernetics Core  
  195  11:45  Zealot x2  
  183  11:57  Zealot  
  183  11:58  Zealot x4  
  185  12:13  Nexus  
  185  12:15  Stalker x2  
  185  12:17  Probe x3  
  185  12:18  Pylon  
  192  12:25  Stalker  
  192  12:26  Stalker x3  
  198  12:39  Zealot x3  
  187  12:53  Zealot x3  
Tags
 
Add a new tag
Caveats
  • Supply blocks, unpowered buildings, or Contaminate may cause inaccurate times.
  • Supply counts are checked every 10 seconds.